Cogmind - Beta 14 @@@ ROGUE MODE // 2024.09.14 @ 13:02:06 Player: Maienne du Crabe Result: Destroyed by P-60 Hacker with Shock Rifle Performance ------------- Evolutions (3) 1500 Regions Visited (6) 1200 Robots Destroyed (114) 570 Value Destroyed (3162) 3162 Prototype IDs (5) 100 Alien Tech Used (0) 0 Bonus (-177) -177 TOTAL SCORE: 6355 Bonus ------- High Alert Combat Kills 239 Friendly Fire -416 Cogmind --------- Core Integrity 0/700 Matter 173/300 Energy 100/100 System Corruption 1% Temperature Cool (0) Movement Core (100) Ox1 Location -7/Factory Parts ------- > --- POWER (1) -------- (None) > --- PROPULSION (5) --- (None) > --- UTILITY (5) ------ Trap Scanner Visual Processing Unit Signal Interpreter System Shield > --- WEAPON (2) ------- Powered Hammer > --- INVENTORY (5) ---- Light Nuclear Core Light Nuclear Core Heavy Beamcaster Peak State ------------ > --- POWER ------------ (None) > --- PROPULSION ------- Armored Treads Cesium-ion Thruster Nuclear Pulse Array > --- UTILITY ---------- Improved Heat Sink Visual Processing Unit Signal Interpreter Advanced Terrain Scan Processor System Shield > --- WEAPON ----------- Remote Datajack Powered Hammer > --- INVENTORY -------- Neutrino Core Improved Cooling System Improved Cooling System Heavy Beamcaster Heavy Missile Launcher [Rating: 41] Favorites ----------- Power Improved Ion Engine Engine Improved Ion Engine Power Core Light Nuclear Core Propulsion Light Treads Treads Light Treads Wheel Wheel Flight Unit Improved Flight Unit Utility ECM Suite Device ECM Suite Storage Huge Storage Unit Processor Visual Processing Unit Hackware System Shield Protection Improved Propulsion Shielding Weapon Medium Laser Energy Gun Medium Laser Ballistic Gun Light Assault Rifle Launcher Rocket Launcher Special Weapon Remote Datajack Impact Weapon Powered Hammer Slashing Weapon Axe Special Melee Weapon Improved Datajack Build | -11 -10 -9 -8 -7 -7 -7 ------- Run | Yrd Mat Mat Mat Fac Was Fac Slots Evolved 6 | . . 2 2 2 . . Power . | . . . . . . . Propulsion 3 | . . 2 1 . . . Utility 3 | . . . 1 2 . . Weapon . | . . . . . . . Parts Attached 108 | 7 14 22 31 13 5 16 Power 14 | 1 3 3 5 . 1 1 Engine 8 | 1 3 2 2 . . . Core 6 | . . 1 3 . 1 1 Reactor . | . . . . . . . Propulsion 33 | 2 4 14 9 . 1 3 Treads 22 | 2 3 14 2 . . 1 Leg . | . . . . . . . Wheel 1 | . 1 . . . . . Hover . | . . . . . . . Flight 10 | . . . 7 . 1 2 Utility 29 | 2 4 2 7 9 . 5 Device 13 | 1 1 1 3 3 . 4 Storage 6 | 1 2 1 1 1 . . Processor 6 | . 1 . 1 4 . . Hackware 3 | . . . 1 1 . 1 Protection 1 | . . . 1 . . . Artifact . | . . . . . . . Weapon 32 | 2 3 3 10 4 3 7 Energy Gun 11 | 2 2 1 3 . 1 2 Energy Cannon . | . . . . . . . Ballistic Gun 1 | . 1 . . . . . Ballistic Cannon . | . . . . . . . Launcher 8 | . . 2 3 1 . 2 Special Weapon 3 | . . . 1 . . 2 Impact Weapon 3 | . . . . . 2 1 Slashing Weapon 4 | . . . 2 2 . . Piercing Weapon . | . . . . . . . Special Melee Weapon 2 | . . . 1 1 . . Unidentified Prototypes 2 | . . . . . 1 1 Parts Lost 42 | . 3 5 16 11 . 7 Power 4 | . . . 3 1 . . Propulsion 17 | . 1 . 7 5 . 4 Utility 10 | . 1 1 2 4 . 2 Weapon 11 | . 1 4 4 1 . 1 Highest Loss Streak 12 | . 1 2 12 9 . 4 To Critical Strikes 1 | . . . . 1 . . Average Slot Usage (%) 88 | . 96 97 89 97 52 59 Engine 4 | . 12 8 3 . . . Core 3 | . . 2 5 6 . . Treads 25 | . 26 44 33 . . 6 Flight 8 | . . . 3 36 6 7 Device 11 | . 7 9 16 14 7 9 Storage 7 | . 14 11 9 . . . Processor 7 | . 6 1 . 15 23 17 Hackware 2 | . . . . 7 7 7 Energy Gun 8 | . 26 14 5 . . . Launcher 4 | . . 5 10 . . . Slashing Weapon 1 | . . . . 6 . . Special Melee Weapon 1 | . . . . 6 . . Peak Build Rating 41 | 7 8 17 30 38 38 41 Average Rating 21 | 5 7 13 22 37 30 26 On Entrance 14 | . 7 8 14 27 14 31 Naked Turns . | . . . . . . . Heaviest Build 98 | 14 29 96 98 12 4 24 Greatest Support 100 | 40 40 80 100 25 3 20 Greatest Overweight (x) 7 | . 7 1 4 . 1 3 Average Overweight (x) . | . . . . . . . Largest Inventory Capacity 25 | 8 15 25 25 15 5 5 Average Capacity 15 | 7 10 20 24 5 5 5 Most Carried 25 | 3 14 25 25 13 5 5 Average Carried 14 | 1 8 19 23 4 4 4 Final Capacity 25 | 8 15 25 15 5 5 5 Final Carried 25 | 3 14 25 14 3 5 3 Class Distribution -------------------- 43% | Mutant 38% | Scavenger-Mutant 14% | Scout Dominant Class ---------------- Mutant | -10/Materials Scavenger-Mutant | -9/Materials Scavenger-Mutant | -8/Materials Scout | -7/Factory Mutant | -7/Waste Mutant | -7/Factory Resources | -11 -10 -9 -8 -7 -7 -7 ----------- Run | Yrd Mat Mat Mat Fac Was Fac Matter Collected 1649 | 270 211 408 337 100 207 116 Remotely . | . . . . . . . Salvage Created 4278 | 65 676 1876 722 16 578 345 Parts 184 | 6 25 97 38 . 4 14 Haulers Intercepted 9 | . 2 5 1 . . 1 Recyclers Shooed 7 | 1 1 5 . . . . Parts Field Recycled . | . . . . . . . Retrieved Matter . | . . . . . . . Parts Self-Destructed . | . . . . . . . Prevented . | . . . . . . . Kills | -11 -10 -9 -8 -7 -7 -7 ------- Run | Yrd Mat Mat Mat Fac Was Fac Combat Hostiles Destroyed 73 | . 14 35 15 . . 9 Guns 40 | . 12 23 2 . . 3 AOE 27 | . . 9 13 . . 5 Classes Destroyed 15 | 2 6 4 2 . . 1 Worker 10 | 2 1 4 1 . . 2 Builder 5 | . 1 2 2 . . . Tunneler 3 | 2 . . 1 . . . Hauler 9 | . 2 5 1 . . 1 Recycler 2 | . 1 1 . . . . Mechanic 1 | . . 1 . . . . Operator 1 | . . . 1 . . . Watcher 10 | . 2 5 3 . . . Swarmer 12 | . 6 3 . . . 3 Grunt 43 | . 8 20 10 . . 5 Brawler 2 | . . 2 . . . . Duelist 2 | . . 2 . . . . Sentry 12 | . . 8 4 . . . Hunter 1 | . . . 1 . . . Programmer 1 | . . . . . . 1 Best Kill Streak 7 | 2 4 6 6 . . 7 Combat Bots Only 5 | . 3 4 5 . . 4 Max Kills in Single Turn 4 | 1 2 3 2 . . 4 Gunslinging 1 | . 1 . . . . . Exploded 3 | . . 3 1 . . 3 Melee . | . . . . . . . Uniques/NPCs Destroyed . | . . . . . . . Combat | -11 -10 -9 -8 -7 -7 -7 -------- Run | Yrd Mat Mat Mat Fac Was Fac Hostile Shots Fired 766 | . 103 168 242 143 . 110 Missed 268 | . 29 49 75 73 . 42 Damage Taken 6546 | . 779 1609 2277 936 . 945 Core 1642 | . 144 296 488 438 . 276 Absorbed by Shields . | . . . . . . . Redirected to Shielding 46 | . . . 46 . . . Regen/Repaired (Parts) 28 | . . 28 . . . . Core Remaining (%) 44 | 100 42 26 11 . . . Volleys Fired 357 | 11 77 169 76 3 . 21 Largest 2 | 2 2 2 2 1 . 1 Hottest 106 | 90 100 106 83 39 . 50 Shots Fired 485 | 22 140 222 77 3 . 21 Gun 432 | 22 140 213 43 . . 14 Cannon . | . . . . . . . Launcher 52 | . . 9 33 3 . 7 Special 1 | . . . 1 . . . Kinetic 9 | . 9 . . . . . Thermal 367 | 22 131 213 1 . . . Explosive 40 | . . 9 24 . . 7 Electromagnetic 69 | . . . 52 3 . 14 Robot Hit Streak 18 | 8 9 18 10 1 . 7 Robot Miss Streak 7 | 1 7 4 2 2 . 1 Penetration Max . | . . . . . . . Secondary Targets 4 | . 2 2 . . . . Max Gunslinging Chain 1 | . 1 1 . . . . Shots Hit Robots 330 | 16 91 136 48 3 9 27 Core Hits 182 | 4 31 81 47 . . 19 Critical Kills . | . . . . . . . Critical Parts Destroyed 1 | . . . . . . 1 Critical Strikes 39 | 1 14 21 1 1 . 1 Burn 36 | 1 14 21 . . . . Corrupt 1 | . . . 1 . . . Smash 1 | . . . . . . 1 Sever 1 | . . . . 1 . . Melee Attacks 26 | . . . 2 4 9 11 Impact 20 | . . . . . 9 11 Slashing 5 | . . . 2 3 . . Piercing . | . . . . . . . Sneak Attacks . | . . . . . . . Combat Hostiles . | . . . . . . . Follow-up Attacks . | . . . . . . . Damage Inflicted 9123 | 195 1134 3127 2261 128 810 1468 Guns 4016 | 195 1127 1855 556 . . 283 Cannons . | . . . . . . . Explosions 3966 | . . 1272 1684 75 . 935 Melee 1113 | . . . . 53 810 250 Ramming 28 | . 7 . 21 . . . Kinetic 47 | . 47 . . . . . Thermal 3685 | 195 1080 1855 171 . . 384 Explosive 3259 | . . 1272 1436 . . 551 Electromagnetic 991 | . . . 633 75 . 283 Impact 1060 | . . . . . 810 250 Slashing 53 | . . . . 53 . . Piercing . | . . . . . . . Highest Corruption 1 | . . . 1 . . 1 Average Corruption 1 | . . . 1 . . 1 Corruption Purged . | . . . . . . . Corruption Blocked . | . . . . . . . Effects 1 | . . . . . . 1 Matter Fused 1 | . . . . . . 1 Overload Shots . | . . . . . . . Overflow Damage 564 | . . 13 83 . 331 137 Projectiles . | . . . . . . . Explosions 210 | . . 13 83 . . 114 Melee 354 | . . . . . 331 23 Knockbacks 4 | . . . . . 1 3 Impact 4 | . . . . . 1 3 Kinetic . | . . . . . . . Secondary . | . . . . . . . Self-Inflicted Damage 286 | . 1 44 104 3 . 134 Shots 9 | . . 1 5 1 . 2 Rammed 6 | . 4 . 2 . . . Targets Rammed 6 | . 4 . 2 . . . Kicked . | . . . . . . . Crushed . | . . . . . . . Highest Temperature 405 | 150 405 358 33 3 . 24 Average Temperature 90 | 69 114 84 5 3 . 10 Received Heat Transfer 2391 | . 315 675 1071 12 . 318 Effects 9 | . 8 1 . . . . Shutdowns 3 | . 2 1 . . . . Interference 5 | . 5 . . . . . Matter Decay 1 | . 1 . . . . . Siege Activations . | . . . . . . . Robots Corrupted 4 | . . . . . 3 1 Combat Hostiles 2 | . . . . . 1 1 Parts Fried 9 | . . . 3 . 5 1 Impact Corruptions 10 | . . . . . 8 2 Robots Melted 7 | . 4 3 . . . . Combat Hostiles 5 | . 2 3 . . . . Parts Melted 37 | 2 15 19 . . . 1 Heat Transferred 11643 | 582 4088 6623 100 . . 250 Parts Sabotaged . | . . . . . . . Parts Stolen . | . . . . . . . Parts Stripped . | . . . . . . . Power Chain Reactions 3 | . . . 2 . . 1 Alert | -11 -10 -9 -8 -7 -7 -7 ------- Run | Yrd Mat Mat Mat Fac Was Fac Peak Influence 799 | 20 273 745 799 409 80 327 Initial 363 | . 13 94 279 363 80 . Average 315 | 9 149 455 440 238 61 135 Maximum Alert Level 3 | . 1 3 3 2 . 1 Low Security (%) 31 | 100 72 6 1 26 100 80 Level 1 34 | . 27 36 36 59 . 19 Level 2 28 | . . 41 59 13 . . Level 3 5 | . . 15 2 . . . Level 4 . | . . . . . . . Level 5 . | . . . . . . . High Security . | . . . . . . . Max Security . | . . . . . . . Squads Dispatched 22 | . 2 5 5 6 . 4 Investigation 15 | . 1 4 4 4 . 2 Extermination 4 | . . . . 2 . 2 Reinforcement 2 | . 1 . 1 . . . Assault 1 | . . 1 . . . . Garrison . | . . . . . . . Intercept . | . . . . . . . Searches Triggered . | . . . . . . . Construction Impeded 1 | . . . 1 . . . Haulers Reinforced . | . . . . . . . Active Scanning Responses . | . . . . . . . Cargo Convoy Interrupts . | . . . . . . . Stealth | -11 -10 -9 -8 -7 -7 -7 --------- Run | Yrd Mat Mat Mat Fac Was Fac Distress Signals 8 | . . 5 2 . . 1 Communications Jammed . | . . . . . . . Distress Signals . | . . . . . . . Times Spotted 148 | . 21 49 42 18 . 18 Peak Tracking Total 12 | . 5 6 12 8 . 6 Tactical Retreats 13 | . . 6 3 4 . . Traps | -11 -10 -9 -8 -7 -7 -7 ------- Run | Yrd Mat Mat Mat Fac Was Fac Traps Triggered 6 | . 1 1 1 2 . 1 Indirectly 1 | . . . 1 . . . Trap Hack Attempts . | . . . . . . . Triggered . | . . . . . . . Disarmed . | . . . . . . . Reprogrammed . | . . . . . . . Reused . | . . . . . . . Traps Extracted . | . . . . . . . Installed . | . . . . . . . Triggered . | . . . . . . . Machines | -11 -10 -9 -8 -7 -7 -7 ---------- Run | Yrd Mat Mat Mat Fac Was Fac Machines Disabled 14 | . . . 7 3 . 4 Max in Single Turn 2 | . . . 2 2 . 2 Garrison Access 1 | . . . 1 . . . Machines Repaired . | . . . . . . . Machines Dismantled . | . . . . . . . Machines Sabotaged . | . . . . . . . Overloaded Fab Kills . | . . . . . . . Hacking | -11 -10 -9 -8 -7 -7 -7 --------- Run | Yrd Mat Mat Mat Fac Was Fac Machines Accessed 36 | . 4 11 7 7 . 7 Terminals 24 | . 4 8 4 5 . 3 Fabricators 2 | . . . . 1 . 1 Repair Stations 2 | . . 1 . . . 1 Recycling Units 3 | . . 1 1 . . 1 Scanalyzers 4 | . . 1 1 1 . 1 Garrison Access 1 | . . . 1 . . . Total Hacks 106 | . 11 30 20 24 . 21 Successful 38 | . 1 13 9 9 . 6 Failed 68 | . 10 17 11 15 . 15 Catastrophic 15 | . 3 4 2 5 . 1 Database Lockouts . | . . . . . . . Manual 44 | . 3 17 8 11 . 5 Terminals 80 | . 11 25 12 20 . 12 Fabricators 4 | . . . . 2 . 2 Repair Stations 6 | . . 3 . . . 3 Recycling Units 7 | . . 1 4 . . 2 Scanalyzers 8 | . . 1 3 2 . 2 Garrison Access 1 | . . . 1 . . . Terminal Hacks 23 | . 1 9 3 7 . 3 Part Schematic 1 | . . . 1 . . . Prototype ID Bank 1 | . . 1 . . . . Level Access Points 1 | . . . . 1 . . Emergency Access Points 3 | . . 2 . 1 . . Terminal Index 2 | . 1 1 . . . . Fabricator Index 1 | . . . . . . 1 Scanalyzer Index 1 | . . 1 . . . . Locate Traps 3 | . . 1 . 1 . 1 Recall Extermination 1 | . . . . 1 . . Zone Layout 9 | . . 3 2 3 . 1 Fabricator Hacks 2 | . . . . . . 2 Load Schematic 1 | . . . . . . 1 Build 1 | . . . . . . 1 Repair Station Hacks 2 | . . 2 . . . . Scan Component 1 | . . 1 . . . . Repair 1 | . . 1 . . . . Recycling Unit Hacks 5 | . . 1 3 . . 1 Process 1 | . . . 1 . . . Report Inventory 2 | . . 1 1 . . . Retrieve Matter 2 | . . . 1 . . 1 Scanalyzer 5 | . . 1 2 2 . . Insert Component 3 | . . 1 1 1 . . Analyze 2 | . . . 1 1 . . Garrison Access Hacks . | . . . . . . . Unauthorized Hacks 1 | . . . 1 . . . Terminals . | . . . . . . . Fabricators . | . . . . . . . Repair Stations . | . . . . . . . Recycling Units . | . . . . . . . Scanalyzers . | . . . . . . . Garrison Access 1 | . . . 1 . . . Jam 1 | . . . 1 . . . Data Cores Recovered . | . . . . . . . Used . | . . . . . . . Hacking Detections 33 | . 4 9 6 7 . 7 Full Trace Events 17 | . 2 6 3 4 . 2 Feedback Events 2 | . . . 1 . . 1 Corruption 2 | . . . 1 . . 1 Feedback Blocked . | . . . . . . . Robot Schematics Acquired . | . . . . . . . Robots Built . | . . . . . . . Authchips . | . . . . . . . Time . | . . . . . . . Total Robot Build Rating . | . . . . . . . Part Schematics Acquired 3 | . . . 2 1 . . Parts Built . | . . . . . . . Authchips . | . . . . . . . Time 73 | . . . . . . 73 Total Part Build Rating . | . . . . . . . Parts Repaired 1 | . . 1 . . . . Time 38 | . . 38 . . . . Parts Recycled . | . . . . . . . Recycled Matter 8 | . . . 8 . . . Retrieved Matter 8 | . . . 8 . . . Retrieved Components . | . . . . . . . Parts Scanalyzed 2 | . . . 1 1 . . Part Schematics Acquired 2 | . . . 1 1 . . Parts Damaged . | . . . . . . . Bothacking | -11 -10 -9 -8 -7 -7 -7 ------------ Run | Yrd Mat Mat Mat Fac Was Fac Used RIF Installer . | . . . . . . . Robots Hacked 1 | . . . . 1 . . Non-combat 1 | . . . . 1 . . Combat . | . . . . . . . Robot Hacks Applied 1 | . . . . 1 . . parse_system 1 | . . . . 1 . . Relay Couplers Released . | . . . . . . . Fabnet Peak Effective % . | . . . . . . . Robots Rewired . | . . . . . . . Allies Hacked . | . . . . . . . Hacks Repelled . | . . . . . . . Allies | -11 -10 -9 -8 -7 -7 -7 -------- Run | Yrd Mat Mat Mat Fac Was Fac Total Allies . | . . . . . . . Largest Group . | . . . . . . . Highest-Rated Group . | . . . . . . . Highest-Rated Ally . | . . . . . . . Total Orders . | . . . . . . . Ally Attacks . | . . . . . . . Total Damage . | . . . . . . . Kills . | . . . . . . . Allies Corrupted . | . . . . . . . Allies Melted . | . . . . . . . Intel | -11 -10 -9 -8 -7 -7 -7 ------- Run | Yrd Mat Mat Mat Fac Was Fac Robot Analysis Total . | . . . . . . . Derelict Logs Recovered . | . . . . . . . Drone Launches . | . . . . . . . Drone Recoveries . | . . . . . . . Exploration | -11 -10 -9 -8 -7 -7 -7 ------------- Run | Yrd Mat Mat Mat Fac Was Fac Turns Passed 6616 | 168 713 2044 1533 1127 520 511 Spaces Moved 3210 | 75 266 743 553 638 483 452 Core 576 | 5 5 . . 9 483 74 Treads 1555 | 70 245 743 419 . . 78 Legs . | . . . . . . . Wheels 16 | . 16 . . . . . Hover . | . . . . . . . Flight 1063 | . . . 134 629 . 300 Fastest Speed 28 | 50 110 160 28 28 50 35 Average Speed 127 | 152 163 200 185 30 98 82 Slowest Speed 490 | 160 400 240 490 50 100 250 Overloaded Moves . | . . . . . . . Propulsion Burnouts . | . . . . . . . Robots Hopped 4 | . . . 2 1 . 1 Cave-ins Triggered . | . . . . . . . Exploration Rate (%) 48 | 6 53 66 70 23 96 22 Regions Visited 6 Branch Regions . Pre-discovered Areas . | . . . . . . . Known Exits Taken . | . . . . . . . Unknown Exits Taken 4 | 1 1 1 1 . . . Scrap Searched . | . . . . . . . Spaces Dug 5 | . . . 2 1 . 2 Terrain Destroyed 327 | . . 50 195 1 . 81 Melee 5 | . . . 2 1 . 2 Projectile . | . . . . . . . AOE 322 | . . 50 193 . . 79 Terrain Rammed . | . . . . . . . Walls Destroyed . | . . . . . . . Machines Disabled . | . . . . . . . Actions | -11 -10 -9 -8 -7 -7 -7 --------- Run | Yrd Mat Mat Mat Fac Was Fac Total 5193 | 103 400 1085 980 1562 513 550 Wait 1342 | 8 26 94 284 895 . 35 Move 3197 | 74 265 742 548 636 482 450 Hop 4 | . . . 2 1 . 1 Pick Up 70 | 3 10 30 15 4 5 3 Fast Attach 31 | 7 4 2 3 2 4 9 Attach 47 | . 2 4 23 10 1 7 Detach 17 | . . 1 7 2 2 5 Swap 30 | . 8 16 5 1 . . Drop 60 | . 4 27 13 4 4 8 Fire 357 | 11 77 169 76 3 . 21 Melee 26 | . . . 2 4 9 11 Ram 1 | . 1 . . . . . Kick . | . . . . . . . Crush 5 | . 3 . 2 . . . Escape Stasis . | . . . . . . . Rewire 6 | . . . . . 6 . Trap . | . . . . . . . Miscellaneous . | . . . . . . . Route ------- -11/Scrapyard -10/Materials (discovered 2 exits: *Mat x2) -9/Materials (discovered 4 exits: *Mat / [*Min] / [*Sto x2]) -8/Materials -7/Factory (discovered 4 exits: Fac x4) -7/Waste -7/Factory History --------- Turn | Location | Event 3 | -11/Scrapyard | Discovered new exit (range 15) 169 | -11/Scrapyard | Entered Materials 302 | -10/Materials | Build established: Mutant 546 | -10/Materials | Discovered new exit (range 15) 669 | -10/Materials | Derelicts attacked the area 724 | -10/Materials | Discovered new exit (range 16) 848 | -10/Materials | Core integrity fell below 50% 882 | -10/Materials | Entered another Materials area 882 | -9/Materials | Evolved 2 slots: Propulsion x2 904 | -9/Materials | Discovered new exit (range 18) 1087 | -9/Materials | Discovered new exit (range 17) 1608 | -9/Materials | Build established: Scavenger-Mutant 1651 | -9/Materials | Repaired Lgt. Nuclear Core 1867 | -9/Materials | Discovered new exit (range 16) 2415 | -9/Materials | Core integrity fell below 50% 2482 | -9/Materials | First assault squad dispatched 2871 | -9/Materials | Discovered new exit (range 16) 2926 | -9/Materials | Entered another Materials area 2926 | -8/Materials | Evolved 2 slots: Propulsion x1, Utility x1 4122 | -8/Materials | Build established: Mutant 4389 | -8/Materials | Core integrity fell below 50% 4406 | -8/Materials | Core integrity fell below 20% 4453 | -8/Materials | Lost 12 parts (2p5n2u3w) 4458 | -8/Materials | Discovered new exit (range 6) 4459 | -8/Materials | Entered Factory 4459 | -7/Factory | Evolved 2 slots: Utility x2 4520 | -7/Factory | Identified exit to Factory 4802 | -7/Factory | Build established: Scout 5565 | -7/Factory | Lost 9 parts (1p3n4u1w) 5572 | -7/Factory | Core integrity fell below 50% 5586 | -7/Factory | Manually triggered Chute Trap 5586 | -7/Factory | Sucked down chute 5586 | -7/Factory | Entered Waste 5586 | -7/Waste | The area was eerily silent 5721 | -7/Waste | Discovered new exit (range 18) 5777 | -7/Waste | Build established: Mutant 6105 | -7/Waste | Identified exit to Factory 6106 | -7/Waste | Entered Factory 6599 | -7/Factory | Core integrity fell below 20% 6617 | -7/Factory | Destroyed by P-60 Hacker with Shock Rifle Last Messages --------------- Initiate build sequence. 06566_ Connecting with Fabricator... >>Build Building Hacking Suite... ETC: 73 06566_ ALERT: Unauthorized use of fabrication network. Dispatching investigation squad. 06595_ VTOL Module destroyed. 06597_ Y-54 Guardian suffers critical hit (Smash). 06597_ Destroyed Imp. Heat Sink. 06597_ Y-54 Guardian system corrupted by crushing effect. 06605_ Hacking Suite destroyed. 06606_ ALERT: Rogue bot located, Programmers report to Factory Zone 7M. 06607_ Fabricator disabled. 06608_ Hvy. Missile Launcher destroyed. 06609_ The unstable cave ceiling collapses. 06613_ Y-54 Guardian heat short circuits Flak Gun. 06614_ P-60 Hacker resets Y-54 Guardian, system corruption cleaned. 06614_ Arm. Treads destroyed. [Achievement: Just Browsing] Map ----- +----------------------------------------------------+ | ?????????????????????????????????????????????????? | | ?????????????????????????????????????????????????? | | ?????????????????????????????????????????????????? | | ?????????????????????????????????????????????????? | | ?????????????????????????????????????????????????? | | ?????????????????????????????????????????????????? | | ?????????????????????????????????????????????????? | | ?????????????????????????????????????????????????? | | ?????????????????????????????????????????????????? | | ?????????????????????????????????????????????????? | | ?????????????????????????????????????????????????? | | ??????????????????####+#######???????????????????? | | ??????? ##### ####????????????????? | | ???????? # + ##???????????????? | | ????????????#######p # #???????????????? | | ??????????????????# #???????????????? | | ??????????????????# [ #???????????????? | | ??????#+########### ! ##???????????????? | | ?????# + gY #???????????????? | | ?????# """"""""" # #???????????????? | | ?????# # ^^ #???????????????? | | ?????# """"""""" # ^ # ##???????????????? | | ?????# # #######????????????????? | | ?????# / # #??????????????????????? | | ?????# "" # #??????????????????????? | | ?????# """ + @########???????????????? | | ?????# S" # # #???????????????? | | ?????# [[! """ # # #???????????????? | | ????# ! [[ """ # k# #???????????????? | | ????## [! #t # #???????????????? | | ################### # #???????????????? | | #??????????# # #???????????????? | | #??????????# # #???????????????? | | ^ #??????????# + #???????????????? | | #??????????# # #???????????????? | | """ #??????????# # #???????????????? | | """ #??????????# # #???????????????? | | """ #??????????# # #???????????????? | | #??????????# # #???????????????? | | ! ##########?# # #???????????????? | | #?# ########???????????????? | | ! #?# ## ! #???????????????? | | #?# ## #???????????????? | | #?# ## """ #???????????????? | | """ """ """ #?# ## """ #???????????????? | | """ """ """ #?# ## """ #???????????????? | | """ """ """ #?# #? ????????????????? | | """ """ #?# ####+################### | | #?# | | """ #?# ^ | +----------------------------------------------------+ Best States ------------- Heat Dissipation 61 Energy Generation 19 Energy Capacity 315 Matter Stores 300 Matter Capacity 300 Sight Range 18 Terrain Scan Range 14 Terrain Scan Density 210 ECM Strength 1 Propulsion Shielding 66 Evasion (%) 64 Melee Accuracy 6 Recoil Reduction 5 Offensive Hacking 10 Defensive Hacking 10 Item Schematics ----------------- Hacking Suite | -8/Materials | Hacked Rocket Launcher | -8/Materials | Scanalyzed Signal Interpreter | -7/Factory | Scanalyzed Robot Schematics ------------------ None Fabricated ------------ Nothing Alien Tech Used ----------------- None Achievements -------------- Just Browsing Wheee! Challenges ------------ None Game ------ Seed GodHugePlatform Manual? 0 Play Time 01:27:04 Cumulative 19.9 hours Start 2024.09.14 @ 11:34:49 End 2024.09.14 @ 13:02:06 Sessions 1 Manual Loads 0 Difficulty Rogue Special Mode None Game No. 28 Rogue 28 Adventurer 0 Explorer 0 Win Type - Total 0 Types 0/0/0/0/0/0/0/0/0 Lore% 12 Gallery% 25 Achievement% 24 Wizard Run 0 Options --------- Layout 0 ASCII 0 Keyboard 1 Movement Numpad Keybinds 0 Fullscreen 1 Font 18/X11 Map View 76x50 Zoom Use 0% Tactical HUD 1 Map Filters NONE Filters NONE Steam 1 RUN: 626390c9-716f-4c81-abc7-31ffa4267b34